Map: Ulrena

Players

lllllllllll - Winner!

  • Race: Protoss Protoss
  • League: Master

NEEDZMOAR

  • Race: Zerg Zerg
  • League: Diamond

VOD

Have the link to the VOD?

Description

random replay

Time

  • Played on: Feb. 9, 2016, 6:20 a.m.
  • Length: 8:40
Show
View Real Time Build Order
Export as new Build Order

lllllllllll Protoss - Winner!

Build Orders:  

Get SALT Encoding   

  12  0:01  Probe (Chrono Boost)  
  13  0:12  Probe (Chrono Boost)  
  14  0:22  Pylon, Probe (Chrono Boost)  
  15  0:40  Probe (Chrono Boost)  
  16  0:46  Gateway  
  16  0:50  Assimilator  
  16  0:51  Probe (Chrono Boost)  
  16  0:54  Assimilator  
  17  1:01  Probe (Chrono Boost)  
  18  1:12  Probe (Chrono Boost)  
  19  1:22  Probe (Chrono Boost)  
  20  1:29  Gateway  
  20  1:33  Probe (Chrono Boost)  
  20  1:34  Cybernetics Core  
  21  1:43  Probe (Chrono Boost)  
  22  1:54  Pylon  
  23  2:01  Pylon  
  23  2:11  Warp Gate (Chrono Boost)  
  23  2:12  Sentry  
  24  2:16  Sentry  
  26  2:26  Mothership Core  
  28  2:40  Gateway  
  28  2:41  Sentry  
  28  2:42  Gateway  
  30  2:45  Pylon  
  30  2:59  Sentry  
  32  3:11  Pylon  
  32  3:27  Pylon  
  32  3:30  Gateway  
  32  3:40  Probe  
  33  3:59  Sentry  
  33  4:00  Sentry x2  
  33  4:01  Zealot  
  41  4:22  Pylon  
  41  4:25  Sentry, Zealot x3  
  41  4:26  Zealot  
  45  4:46  Zealot x4  
  41  5:02  Zealot  
  35  5:13  Zealot x4  
  43  5:18  Probe  
  40  5:31  Sentry  
  40  5:32  Sentry  
  40  5:33  Sentry  
  40  5:34  Sentry  
  48  5:35  Zealot  
  50  5:53  Sentry  
  50  5:55  Zealot  
  50  5:56  Zealot  
  56  6:01  Zealot  
  58  6:19  Zealot  
  58  6:24  Zealot x2  
  58  6:25  Sentry  
  56  6:34  Sentry  
  54  6:40  Zealot  
  52  6:52  Zealot  
  52  6:53  Zealot  
  46  7:05  Zealot x2  
  50  7:16  Sentry, Zealot  
  54  7:32  Zealot x2  
  54  7:33  Sentry  
  56  7:47  Zealot x2  
  54  8:01  Zealot x2  
  54  8:14  Zealot x2  
  54  8:15  Sentry  
  58  8:24  Sentry  
  58  8:26  Zealot  
Show
View Real Time Build Order
Export as new Build Order

NEEDZMOAR Zerg 

Build Orders: Hatch First 

Get SALT Encoding   

  12  0:00  Drone  
  13  0:08  Drone  
  14  0:17  Overlord  
  14  0:24  Extractor  
  14  0:25  Drone  
  15  0:36  Drone x2  
  17  0:44  Drone  
  18  1:01  Hatchery  
  18  1:03  Drone  
  18  1:05  Drone  
  19  1:17  Drone  
  20  1:26  Spawning Pool  
  20  1:27  Drone  
  20  1:39  Extractor  
  19  1:40  Drone  
  20  1:51  Overlord  
  20  2:01  Drone  
  21  2:12  Queen  
  21  2:13  Queen  
  21  2:14  Zergling x4  
  27  2:20  Drone  
  28  2:23  Overlord  
  28  2:38  Metabolic Boost  
  28  2:43  Drone x3  
  31  2:45  Drone  
  32  2:53  Queen  
  32  2:57  Drone x2  
  36  3:04  Zergling x2  
  37  3:09  Overlord  
  37  3:14  Zergling x2  
  37  3:15  Spine Crawler  
  37  3:19  Spine Crawler  
  35  3:21  Spine Crawler, Zergling x2  
  35  3:22  Zergling x4  
  37  3:27  Zergling x6  
  40  3:36  Overlord  
  40  3:39  Spore Crawler  
  40  3:40  Spore Crawler  
  38  3:44  Overlord  
  37  3:49  Drone x2  
  37  3:51  Zergling x2  
  37  3:53  Zergling x2  
  41  3:59  Drone x2  
  41  4:00  Drone  
  44  4:08  Zergling x2  
  44  4:09  Zergling x4  
  47  4:24  Drone  
  48  4:29  Roach Warren  
  48  4:30  Zergling x12  
  52  4:41  Zergling x2  
  52  4:42  Zergling x8  
  57  4:57  Zergling x2  
  57  4:58  Zergling x14  
  64  5:13  Roach x2  
  67  5:15  Overlord  
  66  5:26  Roach  
  66  5:28  Overlord x2  
  65  5:45  Drone x3  
  65  5:46  Extractor  
  65  5:47  Drone x3  
  65  5:48  Ravager x2  
  72  5:54  Queen  
  72  5:55  Overlord  
  74  5:57  Roach  
  76  6:08  Roach x2  
  74  6:18  Roach x2  
  77  6:23  Zergling x8  
  67  6:30  Queen  
  59  6:35  Roach  
  59  6:36  Roach  
  58  6:44  Roach x2  
  54  6:55  Roach x2  
  51  7:05  Roach  
  51  7:06  Roach x3  
  41  7:16  Roach x2  
  41  7:20  Zergling x4  
  44  7:24  Queen  
  45  7:31  Roach  
  45  7:33  Zergling x12  
  36  7:50  Roach  
  37  7:51  Roach  
  33  8:02  Roach  
  33  8:03  Roach  
  33  8:04  Zergling x4  
  27  8:09  Zergling x2  
  24  8:15  Zergling x2  
Tags
 
Add a new tag
Caveats
  • Supply blocks, unpowered buildings, or Contaminate may cause inaccurate times.
  • Supply counts are checked every 10 seconds.